 Dungeon Crawl Stone Soup version 0.31-a0-180-g519b7de00c (webtiles) character file.

Game seed: 7780694822573447016

20 mopl the Trooper (level 2, -3/24 HPs)
             Began as a Demonspawn Fighter on June 19, 2023.
             Slain by a gnoll
             ... wielding a +0 spear
              (5 damage)
             ... on level 1 of the Dungeon.
             The game lasted 00:01:07 (276 turns).

mopl the Trooper (Demonspawn Fighter)                Turns: 276, Time: 00:01:07

Health: -3/24      AC:  7    Str: 16    XL:     2   Next: 58%
Magic:  11/11      EV: 11    Int:  9    God:
Gold:   21         SH:  4    Dex: 12    Spells: 1/1 levels left

rFire   . . .        a - +0 war axe
rCold   . . .        c - +0 buckler
rNeg    . . .        b - +0 scale mail
rPois   .            (no helmet)
rElec   .            (no cloak)
rCorr   .            (no gloves)
SInv    .            h - +0 pair of boots
Will    .....        (no amulet) Stlth
                     g - ring of magical power
HPRegen 0.24/turn    (no ring)
MPRegen 0.12/turn

%: no passive effects
@: no status effects
A: repulsion field 1
a: no special abilities


You were on level 1 of the Dungeon.
You visited 1 branch of the dungeon, and saw 2 of its levels.

You collected 21 gold pieces.

Inventory:

Hand Weapons
 a - a +0 war axe (weapon)
Armour
 b - a +0 scale mail (worn)
 c - a +0 buckler (worn)
 h - a +0 pair of boots (worn)
Jewellery
 g - a ring of magical power (left hand)
Scrolls
 e - a scroll of identify {unknown}
 f - a scroll of revelation {unknown}
 i - a scroll of summoning {unknown}
Potions
 d - a potion of might


   Skills:
 + Level 3.2 Fighting
 * Level 2.2 Axes
 + Level 2.9 Armour
 + Level 0.6 Dodging
 - Level 2.6 Shields


You had one spell level left.
You didn't know any spells.
Your spell library contained the following spells:

 Spells                   Type           Power      Damage    Failure   Level
 Sublimation of Blood     Necr           0%         N/A       96%         2
 Petrify                  Tmut/Erth      0%         N/A       100%        4
 Irradiate                Conj/Tmut      0%         3d11      100%        5


Dungeon Overview and Level Annotations

Branches:
Dungeon (2/15)

Altars:


Innate Abilities, Weirdness & Mutations

You are surrounded by a mild repulsion field. (EV +2)


Message History

You closely miss the ball python. You slash the quokka!
You kill the quokka!
You barely miss the quokka. The ball python closely misses you.
The ball python grabs you. The ball python constricts you.
The quokka bites you but does no damage.
The ball python bites you but does no damage.
The ball python constricts you. The quokka barely misses you.
You slash the ball python!
You kill the ball python!
You hit the quokka. The gnoll closely misses you. The quokka bites you.
The gnoll hits you from afar with a +0 spear.
* * * LOW HITPOINT WARNING * * *
Unknown command.
The quokka barely misses you. The quokka attacks as you move away!
The quokka barely misses you. The quokka attacks as you move away!
The quokka completely misses you.
The quokka bites you but does no damage.
You block the gnoll's attack. The quokka barely misses you.
The quokka bites you but does no damage.
You barely miss the quokka.
The quokka is severely wounded.
The quokka barely misses you.
You miss the quokka.
The quokka is severely wounded.
You block the quokka's attack.
The gnoll hits you from afar with a +0 spear.
* * * LOW HITPOINT WARNING * * *
You block the quokka's attack.
The gnoll hits you from afar with a +0 spear.
* * * LOW HITPOINT WARNING * * *
You barely miss the quokka.
The quokka is severely wounded.
The quokka barely misses you. The gnoll hits you but does no damage.
The quokka barely misses you.
You hit the quokka.
You kill the quokka!
The gnoll hits you but does no damage.
The gnoll hits you from afar with a +0 spear.
You die...

.................#####
...........##.##.#
........##.##.##.#
........# .##.##.#
..####### ...##.#
.###.# #g# #†# #@# ###


You could see a gnoll.

Vanquished Creatures
  A dart slug (D:2)
  4 hobgoblins
  3 quokkas
  4 ball pythons (D:1)
  2 frilled lizards (D:1)
  2 goblins (D:2)
  A kobold (D:1)
  A rat (D:2)
18 creatures vanquished.

Notes
Turn   | Place    | Note
-------+----------+-------------------------------------------
     0 | D:1      | mopl the Demonspawn Fighter began the quest for the Orb.
     0 | D:1      | Reached XP level 1. HP: 18/18 MP: 1/1
    94 | D:1      | Reached skill level 2 in Axes
   176 | D:1      | Gained mutation: You are surrounded by a mild repulsion
                  | field. (EV +2) [demonic ancestry]
   176 | D:1      | Reached XP level 2. HP: 7/24 MP: 2/2
   276 | D:1      | Slain by a gnoll

Illustrated notes

Levels and vault maps discovered:
D:1:      dpeg_arrival_prison, layout_rooms, minmay_crystal_room
D:2:      layout_rooms, minmay_pentomino_z4

Skill      XL: |  1 |
---------------+----+-----
Axes           | 2 |  2.2
Fighting       | |  3.2
Armour         | |  2.9
Dodging        | |  0.6
Shields        | |  2.6

Action                     || total
---------------------------++-------
  Melee: War axe           ||    52
 Armour: Scale mail        ||    43
  Dodge: Dodged            ||    54
  Block: Buckler           ||    16

Table legend: (Time is in decaauts)
 A = Elapsed time spent in this place.
 B = Non-inter-level travel time spent in this place.
 C = Inter-level travel time spent in this place.
 D = Time resting spent in this place.
 E = Time spent auto-exploring this place.
 F = Levels seen in this place.
 G = Mean time per level.
                   A        B        C        D        E       F      G
               +--------+--------+--------+--------+--------+-----+--------+
         Total |    298 |    298 |      0 |     39 |     62 |   2 |  149.0 |
       Dungeon |    298 |    298 |      0 |     39 |     62 |   2 |  149.0 |
               +--------+--------+--------+--------+--------+-----+--------+

Top non-repeatable levels by time:
     D:1: 224 daAuts
     D:2: 73 daAuts
